[Event "Hunan Belt and Road Open 2019"]
[Site "Hunan"]
[Date "2019.08.03"]
[Round "6.1"]
[White "Cheparinov, Ivan"]
[Black "Wang, Hao"]
[Result "1-0"]
[ECO "D35"]
[WhiteElo "2666"]
[BlackElo "2725"]
[Annotator "RC"]
[PlyCount "77"]
[EventDate "2019.07.29"]
[EventType "swiss"]
[EventCountry "CHN"]
[SourceTitle "playchess.com"]
[Source "ChessBase"]
[SourceQuality "1"]
[TimeControl "5400+30"]

1. d4 Nf6 2. c4 e6 3. Nc3 d5 4. cxd5 exd5 5. Bg5 c6 6. e3 Be7 7. Bd3 Nbd7 8. Nge2 Nf8 9. O-O Ne6 10. Bh4 O-O 11. f3 b6 12. Kh1 g6 13. Bf2 c5 14. Qd2 Bb7 15. Rad1 a6 16. Bc2 Re8 17. Rfe1 Rc8 18. dxc5 bxc5 19. Ba4 Rf8 20. Bb3 Qb6 21. Nf4 Nc7 22. e4 dxe4 23. fxe4 Rcd8 24. Nfd5 Ncxd5 25. exd5 Qc7 26. Bg3 Bd6 27. Bh4 Bf4 28. Re7 Qd6 29. Qe1 Bc8 30. Re6 Bxe6 31. dxe6 Qe5 32. e7 Rxd1 33. exf8=Q+ Kxf8 34. Qxd1 g5 35. Bf2 Bxh2 36. Qe2 Qc7 37. Ne4 Nxe4 38. Qxe4 Kg7 39. Qf5 1-0

[Event "Hunan Belt and Road Open 2019"]
[Site "Hunan"]
[Date "2019.08.03"]
[Round "6.13"]
[White "Deac, Bogdan-Daniel"]
[Black "Yu, Ruiyuan"]
[Result "1/2-1/2"]
[ECO "D16"]
[WhiteElo "2621"]
[BlackElo "2464"]
[Annotator "ChessBase"]
[PlyCount "65"]
[EventDate "2019.07.29"]
[EventType "swiss"]
[EventCountry "CHN"]
[SourceTitle "playchess.com"]
[Source "ChessBase"]
[SourceQuality "1"]
[TimeControl "5400+30"]

1. d4 d5 2. c4 c6 3. Nf3 Nf6 4. Nc3 dxc4 5. a4 e6 6. e3 c5 7. Bxc4 Nc6 8. O-O cxd4 9. exd4 Be7 10. Qe2 O-O 11. Rd1 Nb4 12. Bg5 Bd7 13. Ne5 Bc6 14. a5 Bd5 15. Bxf6 Bxf6 16. Nxd5 Nxd5 17. a6 b6 18. Qf3 Rc8 19. Bxd5 Qxd5 20. Qxd5 exd5 21. Rac1 Bg5 22. Rb1 Rc2 23. b4 f6 24. Nd3 b5 25. Re1 Kf7 26. g3 Bh6 27. f4 g5 28. f5 g4 29. Nc5 Bd2 30. Re2 Re8 31. Ne6 Rec8 32. Nc5 Re8 33. Ne6 1/2-1/2

[Event "Hunan Belt and Road Open 2019"]
[Site "Hunan"]
[Date "2019.08.03"]
[Round "6.15"]
[White "Batchuluun, Tsegmed"]
[Black "Xu, Xiangyu"]
[Result "1/2-1/2"]
[ECO "D84"]
[WhiteElo "2535"]
[BlackElo "2585"]
[Annotator "ChessBase"]
[PlyCount "71"]
[EventDate "2019.07.29"]
[EventType "swiss"]
[EventCountry "CHN"]
[SourceTitle "playchess.com"]
[Source "ChessBase"]
[SourceQuality "1"]
[TimeControl "5400+30"]

1. d4 Nf6 2. c4 g6 3. Nc3 d5 4. Bf4 Bg7 5. e3 O-O 6. cxd5 Nxd5 7. Nxd5 Qxd5 8. Bxc7 Na6 9. Bxa6 Qxg2 10. Qf3 Qxf3 11. Nxf3 bxa6 12. Rc1 a5 13. Ne5 a4 14. Nc6 Re8 15. Rc5 Bf8 16. Kd2 e6 17. Rc3 f6 18. Rhc1 Bd7 19. a3 Kf7 20. Na5 Rec8 21. Nb7 Ke8 22. Bd6 Rxc3 23. Rxc3 Bc8 24. Bxf8 Bxb7 25. Rc7 Bd5 26. Bd6 Rb8 27. Bb4 Rb7 28. Rc5 Kf7 29. Kc3 g5 30. Ra5 Bb3 31. e4 Rc7+ 32. Kd3 a6 33. Ke3 Bc4 34. Rc5 Rxc5 35. dxc5 Bb5 36. f4 1/2-1/2

[Event "Hunan Belt and Road Open 2019"]
[Site "Hunan"]
[Date "2019.08.03"]
[Round "6.20"]
[White "Wen, Yang"]
[Black "Xiang, Zeyu"]
[Result "1-0"]
[ECO "C54"]
[WhiteElo "2586"]
[BlackElo "2447"]
[Annotator "ChessBase"]
[PlyCount "111"]
[EventDate "2019.07.29"]
[EventType "swiss"]
[EventCountry "CHN"]
[SourceTitle "playchess.com"]
[Source "ChessBase"]
[SourceQuality "1"]
[TimeControl "5400+30"]

1. e4 e5 2. Nf3 Nc6 3. Bc4 Bc5 4. c3 Nf6 5. d4 exd4 6. e5 d5 7. Bb5 Ne4 8. cxd4 Bb6 9. Nc3 O-O 10. Be3 Bg4 11. h3 Bh5 12. Qc2 Bg6 13. Qb3 Ne7 14. O-O c6 15. Bd3 Nxc3 16. Qxc3 f6 17. exf6 Rxf6 18. Bg5 Rxf3 19. gxf3 Qd7 20. Bxe7 Qxe7 21. Bxg6 Qg5+ 22. Kh1 Qxg6 23. Rad1 Qf5 24. f4 Qxf4 25. Qe3 Rf8 26. Kg2 Qf6 27. Rfe1 Qg6+ 28. Kf1 Qh5 29. Qe6+ Kh8 30. Rd3 h6 31. Re5 Qh4 32. Rf5 Rxf5 33. Qc8+ Qd8 34. Qxf5 Kg8 35. Qe6+ Kh7 36. Qf7 Qg5 37. f4 Qg6 38. Qxg6+ Kxg6 39. Kg2 Kf5 40. Kf3 g6 41. Rb3 h5 42. a4 Ke6 43. Ke3 c5 44. Rb5 c4 45. a5 Bc7 46. Rxb7 Bxa5 47. Rxa7 Bb4 48. Rb7 Bf8 49. b3 cxb3 50. Rxb3 Be7 51. Rb7 Ba3 52. Kf3 Kf5 53. Rb5 Ke6 54. Rb3 Bf8 55. Re3+ Kd6 56. Re8 1-0

[Event "Hunan Belt and Road Open 2019"]
[Site "Hunan"]
[Date "2019.08.03"]
[Round "6.21"]
[White "Lagno, Kateryna"]
[Black "Zhao, Yuanhe"]
[Result "1-0"]
[ECO "C42"]
[WhiteElo "2549"]
[BlackElo "2448"]
[Annotator "ChessBase"]
[PlyCount "103"]
[EventDate "2019.07.29"]
[EventType "swiss"]
[EventCountry "CHN"]
[SourceTitle "playchess.com"]
[Source "ChessBase"]
[SourceQuality "1"]
[TimeControl "5400+30"]

1. e4 e5 2. Nf3 Nf6 3. Nxe5 d6 4. Nf3 Nxe4 5. d4 d5 6. Bd3 Bd6 7. O-O O-O 8. c4 c6 9. Qb3 dxc4 10. Bxc4 Qb6 11. Qd3 Nf6 12. Nc3 Na6 13. Ne4 Nxe4 14. Qxe4 Qa5 15. Ne5 Bxe5 16. dxe5 Nc5 17. Qh4 Be6 18. Be2 Qa4 19. b4 Nd7 20. Bd3 g6 21. Bh6 a5 22. a3 axb4 23. Bxf8 Rxf8 24. axb4 Qb3 25. Qd4 Nxe5 26. Be4 Nd7 27. Ra7 Rb8 28. Rb1 Qc4 29. Qxc4 Bxc4 30. Bxc6 bxc6 31. Rxd7 c5 32. b5 Rxb5 33. Rxb5 Bxb5 34. Rd5 h5 35. Rxc5 Bd7 36. f3 Kg7 37. Kf2 Kf6 38. Ke3 Bf5 39. Kd4 Bb1 40. Rb5 Bf5 41. Rb6+ Kg7 42. Ke5 Bd3 43. Kd6 Bf1 44. g3 Be2 45. f4 Kf6 46. Kd7+ Kg7 47. Ke7 Bc4 48. Rf6 Ba2 49. h4 Bb3 50. f5 gxf5 51. Rxf5 Kg6 52. Rg5+ 1-0

[Event "Hunan Belt and Road Open 2019"]
[Site "Hunan"]
[Date "2019.08.03"]
[Round "6.26"]
[White "Lei, Tingjie"]
[Black "Gusain, Himal"]
[Result "1/2-1/2"]
[ECO "C70"]
[WhiteElo "2505"]
[BlackElo "2407"]
[Annotator "RC"]
[PlyCount "123"]
[EventDate "2019.07.29"]
[EventType "swiss"]
[EventCountry "CHN"]
[SourceTitle "playchess.com"]
[Source "ChessBase"]
[SourceQuality "1"]
[TimeControl "5400+30"]

1. e4 e5 2. Nf3 Nc6 3. Bb5 a6 4. Ba4 b5 5. Bb3 Na5 6. O-O d6 7. d4 exd4 8. Qxd4 Bb7 9. Bg5 Ne7 10. a4 f6 11. Bh4 Nxb3 12. cxb3 Nc6 13. Qe3 b4 14. Nbd2 Be7 15. Rac1 Qd7 16. Rfd1 O-O 17. Nd4 Na5 18. Bg3 Kh8 19. Qd3 Rac8 20. Nf5 Rfe8 21. Ne3 Nc6 22. f3 Red8 23. Ndc4 Qe8 24. Nd5 Bf8 25. Qd2 Ba8 26. Nce3 Qf7 27. Bh4 Ne5 28. Bf2 a5 29. Nc4 Nc6 30. Qf4 Re8 31. Nde3 Bb7 32. Qf5 Ra8 33. Qd5 Qd7 34. Rc2 Nd8 35. Qb5 Bc6 36. Qf5 Qxf5 37. Nxf5 Bd7 38. Nfe3 Nb7 39. Nd5 Rec8 40. Nd2 Nc5 41. Bxc5 dxc5 42. Nc4 Be6 43. Rcd2 Kg8 44. g4 Ra6 45. Kf2 Kf7 46. h3 g5 47. e5 fxe5 48. Nxe5+ Kg7 49. Nc4 Kf7 50. f4 gxf4 51. Nxf4 Bxc4 52. bxc4 Rf6 53. Kg3 Bd6 54. Rf1 Kg8 55. g5 Rf7 56. Rdf2 Re8 57. Kg4 Re4 58. b3 Kg7 59. Rf3 h5+ 60. Kg3 h4+ 61. Kg4 Rf8 62. R3f2 1/2-1/2

[Event "Hunan Belt and Road Open 2019"]
[Site "Hunan"]
[Date "2019.08.03"]
[Round "6.27"]
[White "Radovanovic, Mihajlo"]
[Black "Fang, Yan"]
[Result "1/2-1/2"]
[ECO "D60"]
[WhiteElo "2500"]
[BlackElo "2424"]
[Annotator "ChessBase"]
[PlyCount "76"]
[EventDate "2019.07.29"]
[EventType "swiss"]
[EventCountry "CHN"]
[SourceTitle "playchess.com"]
[Source "ChessBase"]
[SourceQuality "1"]
[TimeControl "5400+30"]

1. Nf3 Nf6 2. c4 e6 3. Nc3 d5 4. d4 Be7 5. Bg5 O-O 6. e3 Nbd7 7. Bd3 dxc4 8. Bxc4 a6 9. Bd3 c5 10. O-O b5 11. Qe2 Bb7 12. Rad1 Nd5 13. Bxe7 Qxe7 14. Nxd5 Bxd5 15. Bb1 Rac8 16. Rfe1 g6 17. e4 Bb7 18. Qd2 cxd4 19. Qxd4 Nc5 20. Qb4 Rc7 21. Ne5 Na4 22. Qd2 Nb6 23. b3 f6 24. Qd6 Qxd6 25. Rxd6 fxe5 26. Rxb6 Kf7 27. Kf1 Rd8 28. Ke2 Ke7 29. Rd1 Rxd1 30. Kxd1 Bc8 31. a4 bxa4 32. bxa4 Rb7 33. Rxb7+ Bxb7 34. Bd3 a5 35. f3 Bc6 36. Bc2 Kd6 37. Kd2 Kc5 38. Kc3 g5 1/2-1/2

[Event "Hunan Belt and Road Open 2019"]
[Site "Hunan"]
[Date "2019.08.03"]
[Round "6.28"]
[White "Lou, Yiping"]
[Black "Xu, Minghui"]
[Result "1/2-1/2"]
[ECO "D27"]
[WhiteElo "2489"]
[BlackElo "2401"]
[Annotator "ChessBase"]
[PlyCount "63"]
[EventDate "2019.07.29"]
[EventType "swiss"]
[EventCountry "CHN"]
[SourceTitle "playchess.com"]
[Source "ChessBase"]
[SourceQuality "1"]
[TimeControl "5400+30"]

1. d4 d5 2. c4 e6 3. Nc3 a6 4. e3 Nf6 5. Nf3 dxc4 6. Bxc4 b5 7. Be2 Bb7 8. O-O c5 9. dxc5 Qxd1 10. Rxd1 Bxc5 11. Nd2 Nc6 12. Nde4 Nxe4 13. Nxe4 Be7 14. Nd6+ Bxd6 15. Rxd6 Ke7 16. Rd1 Rhd8 17. Bd2 Rd7 18. Kf1 Rad8 19. Bc3 Rxd1+ 20. Bxd1 f6 21. Bf3 Rb8 22. Rc1 Kd7 23. Be4 b4 24. Bd2 Ne5 25. Bb1 Bc6 26. Rd1 Kc7 27. Rc1 Kd7 28. Be1 h6 29. Kg1 a5 30. f3 Bb5 31. Bg3 Rc8 32. Rxc8 1/2-1/2

[Event "Hunan Belt and Road Open 2019"]
[Site "Hunan"]
[Date "2019.08.03"]
[Round "6.29"]
[White "Peng, Xiongjian"]
[Black "Zhao, Chenxi"]
[Result "1-0"]
[ECO "A49"]
[WhiteElo "2467"]
[BlackElo "2400"]
[Annotator "ChessBase"]
[PlyCount "59"]
[EventDate "2019.07.29"]
[EventType "swiss"]
[EventCountry "CHN"]
[SourceTitle "playchess.com"]
[Source "ChessBase"]
[SourceQuality "1"]
[TimeControl "5400+30"]

1. Nf3 Nf6 2. g3 g6 3. Bg2 Bg7 4. d4 O-O 5. O-O c6 6. b3 d6 7. Bb2 Qa5 8. Nbd2 Qh5 9. h4 c5 10. c4 cxd4 11. Nxd4 Na6 12. Re1 Rd8 13. Nf1 d5 14. cxd5 Nxd5 15. e4 Ndb4 16. e5 Qxd1 17. Raxd1 Nxa2 18. f4 N2b4 19. Ne3 Rb8 20. Ba3 f6 21. e6 f5 22. Ndxf5 Rxd1 23. Nxe7+ Kf8 24. Rxd1 Kxe7 25. Nd5+ Ke8 26. Nxb4 Nxb4 27. Bxb4 Bxe6 28. Rc1 Rc8 29. Re1 Kf7 30. Rxe6 1-0

[Event "Hunan Belt and Road Open 2019"]
[Site "Hunan"]
[Date "2019.08.03"]
[Round "6.30"]
[White "Lin, Yi"]
[Black "Wang, Yiye"]
[Result "1/2-1/2"]
[ECO "E05"]
[WhiteElo "2406"]
[BlackElo "2440"]
[Annotator "NA"]
[PlyCount "48"]
[EventDate "2019.07.29"]
[EventType "swiss"]
[EventCountry "CHN"]
[SourceTitle "playchess.com"]
[Source "ChessBase"]
[SourceQuality "1"]
[TimeControl "5400+30"]

1. d4 Nf6 2. c4 e6 3. g3 d5 4. Nf3 Be7 5. Bg2 O-O 6. O-O dxc4 7. Qc2 b6 8. Ne5 Qxd4 9. Bxa8 Qxe5 10. Bf3 Nd5 11. Qxc4 Ba6 12. Qb3 Nc6 13. Qa4 Bb7 14. Rd1 Bc5 15. Nc3 Nd4 16. Bxd5 exd5 17. Be3 Nxe2+ 18. Nxe2 Bxe3 19. fxe3 Qxe3+ 20. Kf1 Re8 21. Re1 Qf3+ 22. Kg1 Qe3+ 23. Kf1 Qf3+ 24. Kg1 Qe3+ 1/2-1/2

[Event "Hunan Belt and Road Open 2019"]
[Site "Hunan"]
[Date "2019.08.03"]
[Round "6.32"]
[White "Xu, Jun"]
[Black "Gan-Erdene, Sugar"]
[Result "1/2-1/2"]
[ECO "E94"]
[WhiteElo "2477"]
[BlackElo "2408"]
[Annotator "ChessBase"]
[PlyCount "92"]
[EventDate "2019.07.29"]
[EventType "swiss"]
[EventCountry "CHN"]
[SourceTitle "playchess.com"]
[Source "ChessBase"]
[SourceQuality "1"]
[TimeControl "5400+30"]

1. d4 Nf6 2. c4 g6 3. Nc3 Bg7 4. e4 d6 5. Be2 O-O 6. Nf3 Na6 7. O-O e5 8. Be3 Ng4 9. Bg5 Qe8 10. dxe5 Nxe5 11. Nd4 Nc6 12. Ndb5 f5 13. exf5 Bxf5 14. Re1 Qd7 15. Bf3 Rae8 16. Qd2 Nab4 17. Nd5 Nxd5 18. cxd5 Ne5 19. Be2 Nf7 20. Be3 c6 21. dxc6 bxc6 22. Nd4 Be4 23. Bc4 Kh8 24. f3 Ne5 25. Bb3 Bxf3 26. Nxf3 Rxf3 27. Bf4 Rd3 28. Qc2 Rd4 29. Bg3 d5 30. Re3 Nc4 31. Rxe8+ Qxe8 32. Re1 Qd7 33. Bxc4 Rxc4 34. Qb3 h6 35. Be5 Kh7 36. Bxg7 Qxg7 37. Qa3 c5 38. Qf3 Rd4 39. Re6 c4 40. h3 Rd2 41. Rf6 Kg8 42. Qf4 Rxb2 43. Qe5 Rb1+ 44. Kh2 Rb7 45. Qxd5+ Kh7 46. Rc6 Rd7 1/2-1/2

[Event "Hunan Belt and Road Open 2019"]
[Site "Hunan"]
[Date "2019.08.03"]
[Round "6.33"]
[White "Li, Yankai"]
[Black "Fang, Yuxiang"]
[Result "1/2-1/2"]
[ECO "D14"]
[WhiteElo "2439"]
[BlackElo "2476"]
[Annotator "ChessBase"]
[PlyCount "40"]
[EventDate "2019.07.29"]
[EventType "swiss"]
[EventCountry "CHN"]
[SourceTitle "playchess.com"]
[Source "ChessBase"]
[SourceQuality "1"]
[TimeControl "5400+30"]

1. d4 d5 2. c4 c6 3. cxd5 cxd5 4. Nc3 Nf6 5. Bf4 Nc6 6. Nf3 Bf5 7. e3 e6 8. Bd3 Bxd3 9. Qxd3 Bd6 10. Bxd6 Qxd6 11. O-O O-O 12. a3 Rfc8 13. Rac1 h6 14. Nb5 Qb8 15. Nc3 Qd6 16. Nb5 Qb8 17. Nc3 Qd6 18. Nb5 Qb8 19. Nc3 Qd6 20. Nb5 Qb8 1/2-1/2

[Event "Hunan Belt and Road Open 2019"]
[Site "Hunan"]
[Date "2019.08.03"]
[Round "6.34"]
[White "Liu, Guanchu"]
[Black "Lin, Weiguo"]
[Result "1-0"]
[ECO "B90"]
[WhiteElo "2449"]
[BlackElo "2408"]
[Annotator "NA"]
[PlyCount "102"]
[EventDate "2019.07.29"]
[EventType "swiss"]
[EventCountry "CHN"]
[SourceTitle "playchess.com"]
[Source "ChessBase"]
[SourceQuality "1"]
[TimeControl "5400+30"]

1. e4 c5 2. Nf3 d6 3. d4 cxd4 4. Nxd4 Nf6 5. Nc3 a6 6. Be3 e5 7. Nb3 Be6 8. Qd2 Be7 9. O-O-O Nbd7 10. f4 Ng4 11. g3 Nxe3 12. Qxe3 O-O 13. Kb1 b5 14. f5 Bxb3 15. cxb3 Nb6 16. h4 Qc7 17. g4 Rfc8 18. Bd3 b4 19. Nd5 Nxd5 20. exd5 Qc5 21. Qe4 Qd4 22. Qe2 e4 23. Bxe4 Qe5 24. g5 Re8 25. Rhe1 Qg3 26. Rg1 Qe5 27. Rde1 Qd4 28. f6 Bf8 29. Qc2 Rac8 30. Qd3 Qxd3+ 31. Bxd3 a5 32. Bc4 Re5 33. Rxe5 dxe5 34. Kc2 Bd6 35. Kd3 g6 36. Bb5 Rc5 37. Bc6 h6 38. a3 e4+ 39. Kxe4 Rc2 40. axb4 Bxb4 41. h5 Bc5 42. Rg3 Bd6 43. Rc3 Re2+ 44. Kf3 Re5 45. hxg6 Rxg5 46. Bd7 Rxg6 47. Rc8+ Bf8 48. Rc6 h5 49. Bf5 Rg1 50. d6 Rf1+ 51. Ke4 Re1+ 1-0

[Event "Hunan Belt and Road Open 2019"]
[Site "Hunan"]
[Date "2019.08.03"]
[Round "6.35"]
[White "Munkhgal, Gombosuren"]
[Black "Setyaki, Azarya Jodi"]
[Result "1/2-1/2"]
[ECO "A48"]
[WhiteElo "2442"]
[BlackElo "2409"]
[Annotator "NA"]
[PlyCount "89"]
[EventDate "2019.07.29"]
[EventType "swiss"]
[EventCountry "CHN"]
[SourceTitle "playchess.com"]
[Source "ChessBase"]
[SourceQuality "1"]
[TimeControl "5400+30"]

1. d4 Nf6 2. Nf3 g6 3. Bg5 Bg7 4. Nbd2 O-O 5. e4 d5 6. Bd3 dxe4 7. Nxe4 Nxe4 8. Bxe4 c5 9. c3 cxd4 10. Nxd4 Qc7 11. Be3 a6 12. O-O Nd7 13. a4 Nb6 14. Qb3 Nc4 15. Bc1 Rb8 16. Bd5 Nb6 17. Bf3 e5 18. a5 Nd7 19. Nc2 Nc5 20. Qa3 Be6 21. Be3 Rfc8 22. Nb4 e4 23. Be2 Bf8 24. g3 Rd8 25. Bf4 Bd6 26. Bxd6 Rxd6 27. Rad1 Rbd8 28. Nc2 Nb3 29. Rxd6 Rxd6 30. Rd1 Rxd1+ 31. Bxd1 Nxa5 32. Nd4 Bd5 33. Be2 Nc6 34. Qc5 Qd7 35. Nc2 Be6 36. Ne3 Qd2 37. Bxa6 Qxb2 38. Kg2 h5 39. Bb5 Na5 40. Bd7 Bxd7 41. Qxa5 Be6 42. Qd8+ Kh7 43. Nd5 e3 44. Nf6+ Kg7 45. Nxh5+ 1/2-1/2

[Event "Hunan Belt and Road Open 2019"]
[Site "Hunan"]
[Date "2019.08.03"]
[Round "6.36"]
[White "Raja Harshit"]
[Black "Li, Shilong"]
[Result "1/2-1/2"]
[ECO "B62"]
[WhiteElo "2434"]
[BlackElo "2457"]
[Annotator "ChessBase"]
[PlyCount "58"]
[EventDate "2019.07.29"]
[EventType "swiss"]
[EventCountry "CHN"]
[SourceTitle "playchess.com"]
[Source "ChessBase"]
[SourceQuality "1"]
[TimeControl "5400+30"]

1. e4 c5 2. Nf3 d6 3. d4 cxd4 4. Nxd4 Nf6 5. Nc3 Nc6 6. Bg5 e6 7. Qd3 Be7 8. O-O-O O-O 9. h4 Qb6 10. Nxc6 bxc6 11. Qg3 Rb8 12. b3 Qa5 13. h5 Rb7 14. Rh3 e5 15. h6 Bxh3 16. hxg7 Rd8 17. Qxh3 d5 18. Be2 Qa3+ 19. Kb1 d4 20. Na4 Qxa4 21. Rh1 d3 22. Bxd3 h5 23. Qf5 Rxd3 24. Bxf6 Bxf6 25. Qxf6 Qd4 26. Qh6 Rd1+ 27. Rxd1 Qxd1+ 28. Kb2 Qd4+ 29. Kb1 Qd1+ 1/2-1/2